 Dungeon Crawl Stone Soup version 0.22-a0-455-ga0624bf (webtiles) character file.

16435 KristoblXynda the Carver (level 12, -7/99 HPs)
             Began as a Naga Gladiator on June 5, 2018.
             Was an Initiate of Gozag.
             Mangled by a yak (9 damage)
             ... on level 11 of the Dungeon.
             The game lasted 00:34:50 (15526 turns).

KristoblXynda the Carver (Naga Gladiator)          Turns: 15526, Time: 00:34:50

Health: -7/99      AC: 13    Str: 16 (19) XL:     12   Next: 37%
Magic:  16/16      EV: 11    Int: 13 (16) God:    Gozag
Gold:   990        SH:  2    Dex: 11 (13) Spells: 11/11 levels left

rFire    + . .     SeeInvis +   z - +1 long sword
rCold    + . .     Gourm    .   (no shield)
rNeg     + . .     Faith    .   e - +1 leather armour "Tuboim" {rPois rF+ Regen+ Int+2}
rPois    +         Spirit   .   F - +1 hat {Int+3}
rElec    +         Reflect  +   D - +1 cloak {MR+}
rCorr    .         Harm     .   o - +1 pair of gloves
MR       ++...                  (no barding)
Stlth    +++++.....             a - +2 amulet of reflection
HPRegen  0.66/turn              G - ring of protection from cold
MPRegen  0.15/turn              A - ring of positive energy

@: gold aura, very slow
A: large, stinger 1, see invisible, deformed body, poison resistance,
electricity resistance, slowness 2, slow metabolism 1, spit poison 1, AC +4
a: Spit Poison, Potion Petition, Call Merchant, Bribe Branch, Renounce Religion


You were on level 11 of the Dungeon.
You worshipped Gozag.
Gozag was pleased with you.
You were not hungry.

You visited 2 branches of the dungeon, and saw 12 of its levels.
You also visited: Ossuary.

You collected 1923 gold pieces.
You spent 726 gold pieces at shops.
You paid 207 gold pieces to Gozag.

Inventory:

Hand Weapons
 z - a +1 long sword (weapon)
Missiles
 d - 4 throwing nets (quivered)
 B - 7 javelins
Armour
 e - the +1 leather armour "Tuboim" (worn) {rPois rF+ Regen+ Int+2}
   (You found it on level 10 of the Dungeon)

   It affects your intelligence (+2).
   It protects you from fire.
   It protects you from poison.
   It increases your rate of regeneration.
 m - a +1 scale mail of poison resistance
 o - a +1 pair of gloves (worn)
 s - a +1 chain mail of poison resistance
 D - a +1 cloak of magic resistance (worn)
 E - a +0 shield
 F - a +1 hat of intelligence (worn)
Jewellery
 a - a +2 amulet of reflection (around neck)
 q - a +1 ring of protection
 A - a ring of positive energy (right hand)
 G - a ring of protection from cold (left hand)
Wands
 p - a wand of iceblast (1)
 y - a wand of paralysis (21)
Scrolls
 h - 4 scrolls of amnesia
 j - 3 scrolls of magic mapping
 k - 17 scrolls of remove curse
 n - 2 scrolls of fog
 u - a scroll of enchant weapon
 x - 3 scrolls of identify
 C - 2 scrolls of enchant armour
 J - a scroll of holy word
 K - a scroll of teleportation
Potions
 b - 3 potions of curing
 c - a potion of lignification {unknown}
 g - a potion of invisibility
 i - 2 potions of flight
 l - 6 potions of brilliance
 r - a potion of magic
 t - a potion of degeneration
 v - 3 potions of mutation
 w - a potion of might {unknown}
 I - a potion of haste {unknown}
Miscellaneous
 H - a lamp of fire
Comestibles
 f - 20 rations


   Skills:
 + Level 4.3 Fighting
 + Level 12.3 Long Blades
 - Level 2.1 Throwing
 + Level 7.9 Armour
 - Level 5.3 Dodging
 + Level 12.3 Stealth
 - Level 2.5 Shields
 - Level 5.5 Evocations


You had 11 spell levels left.
You didn't know any spells.
Your spell library contained the following spells:

 Spells                   Type           Power        Failure   Level  Hunger
 Mephitic Cloud           Conj/Pois/Air  #.......     73%         3    ####...
 Venom Bolt               Conj/Pois      #.........   100%        5    ######.
 Olgreb's Toxic Radiance  Pois           #.......     98%         4    #####..
 Animate Dead             Necr           N/A          98%         4    #####..
 Pain                     Necr           #...         36%         1    ##.....
 Animate Skeleton         Necr           N/A          36%         1    ##.....
 Vampiric Draining        Necr           #.........   73%         3    ####...
 Regeneration             Chrm/Necr      #.........   73%         3    ####...
 Sting                    Conj/Pois      #...         36%         1    ##.....
 Poisonous Vapours        Pois/Air       #.....       50%         2    ###....


Dungeon Overview and Level Annotations

Branches:
Dungeon (11/15)            Temple (1/1) D:7            Lair (0/6) D:9
    Orc: D:9-12

Altars:
Ashenzari
Cheibriados
Dithmenos
Elyvilon
Fedhas
Gozag
Hepliaklqana
Kikubaaqudgha
Makhleb
Nemelex Xobeh
Okawaru
Qazlal
Ru
Sif Muna
Trog
Uskayaw
Vehumet
Wu Jian
Xom
Yredelemnul
Zin
The Shining One

Shops:
D:6 }


Innate Abilities, Weirdness & Mutations

You cannot wear boots.
Your serpentine skin is tough. (AC +4)
You have supernaturally acute eyesight. (SInv)
Armour fits poorly on your strangely shaped body.
Your system is resistant to poisons. (rPois)
You cover ground very slowly.
You have a slow metabolism.
You can spit poison.
Your tail ends in a poisonous barb.
You are resistant to electric shocks. (rElec)


Message History

The yak gores you but does no damage. The yak misses you.
You feel better. The yak gores you!
* * * LOW HITPOINT WARNING * * *
The yak closely misses you.
You riposte.
You hit the yak.
The yak is lightly wounded.
You completely miss the yak. You tail-slap the yak.
The yak is moderately wounded.
The yak gores you!
* * * LOW HITPOINT WARNING * * *
The yak closely misses you.
You slash the yak!
The yak is moderately wounded.
The yak closely misses you. The yak gores you!
* * * LOW HITPOINT WARNING * * *
As you read the scroll labeled BEMUPT IGAAL, it crumbles to dust.
You speak a Word of immense power!
It was a scroll of holy word.
You have got your breath back.
The yak gores you!
You die...
Your body crumbles into a pile of gold.

#. #. #+###.#### .........#
.........# .........#
.........# #..# ##Y###### #..#
#Y@$....# +..# #.......# #.<#
#.......# ##..##### ####....#
#.......# #....# #.......# .
#....#
###'######.#+##+###'##########
..............#...............
.(............#....<..........


You could see 2 yaks.

Vanquished Creatures
  Gastronok (D:8)
  A hydra (D:10)
  3 two-headed ogres (D:10)
  The ghost of Gorice the Spear-Bearer, a novice DsWn of Okawaru (D:9)
  Nergalle (D:10)
  Urug (D:11)
  Pikel (D:7)
  Maurice (D:8)
  A cyclops (D:10)
  An elephant (D:9)
  A troll (D:11)
  Grinder (D:6)
  A shadow (D:9)
  A hippogriff (D:9)
  17 yaks
  A wyvern (D:8)
  A basilisk (D:9)
  A steam dragon (D:9)
  Edmund (D:6)
  3 sky beasts (D:6)
  2 phantoms
  3 orc warriors
  An ogre (D:7)
  A necrophage (D:11)
  14 centaurs
  A big kobold (D:11)
  The ghost of pk666 the Magician, an amateur DEFE (D:4)
  4 bullfrogs
  A water moccasin zombie (D:7)
  3 scorpions
  19 killer bees
  4 wights (D:7)
  3 howler monkeys (D:10)
  6 crimson imps
  A bullfrog zombie (D:10)
  A quasit (D:7)
  8 hounds
  4 orc priests
  Crazy Yiuf (D:7)
  3 jellies
  8 orc wizards
  3 bullfrog skeletons
  2 centaur skeletons
  Terence (D:2)
  An iguana (D:7)
  12 worker ants
  8 mummies (Ossuary)
  19 adders
  11 gnolls
  A shadow imp (D:6)
  An ooze (D:4)
  3 adder skeletons
  2 worms (D:2)
  7 dart slugs
  4 leopard geckos
  42 orcs
  A ball python (D:6)
  5 bats
  4 giant cockroaches
  A gnoll zombie (Ossuary)
  9 goblins
  7 hobgoblins
  5 jackals
  4 quokkas
  A ball python skeleton (D:4)
  2 frilled lizards (D:1)
  6 hobgoblin zombies (Ossuary)
  15 kobolds
  A leopard gecko zombie (D:5)
  An orc zombie (Ossuary)
  4 rats
312 creatures vanquished.

Vanquished Creatures (others)
  A basilisk (D:9)
  3 slaves (D:7)
  A centaur (D:9)
  3 killer bees (D:9)
  A crimson imp (D:7)
  An orc (D:9)
10 creatures vanquished.

Grand Total: 322 creatures vanquished

Notes
Turn   | Place    | Note
-------+----------+-------------------------------------------
     0 | D:1      | KristoblXynda the Naga Gladiator began the quest for the Orb.
     0 | D:1      | Reached XP level 1. HP: 19/19 MP: 1/1
   312 | D:1      | Reached XP level 2. HP: 17/26 MP: 2/2
   635 | D:1      | Reached XP level 3. HP: 30/32 MP: 3/3
   917 | D:2      | Noticed Terence
   939 | D:2      | Killed Terence
   939 | D:2      | Reached skill level 1 in Armour
   939 | D:2      | Reached XP level 4. HP: 16/39 MP: 4/4
  1851 | D:3      | Reached XP level 5. HP: 15/45 MP: 5/5
  2893 | D:4      | Reached XP level 6. HP: 25/52 MP: 6/6
  2897 | D:4      | Reached skill level 5 in Long Blades
  2902 | D:4      | Noticed pk666's ghost (amateur DEFE)
  4107 | D:4      | Reached XP level 7. HP: 44/60 MP: 7/7
  4245 | D:4      | Killed pk666's ghost
  4568 | D:5      | Entered Level 5 of the Dungeon
  4664 | D:5      | Found a sand-covered staircase.
  4669 | Ossuary  | Entered an ossuary
  5129 | D:5      | Reached XP level 8. HP: 58/67 MP: 8/8
  6066 | D:6      | Found Wogihus's Gadget Shoppe.
  6109 | D:6      | Reached skill level 5 in Dodging
  6409 | D:6      | Noticed Edmund
  6449 | D:6      | Killed Edmund
  6508 | D:6      | Reached XP level 9. HP: 66/73 MP: 9/9
  6524 | D:6      | HP: 1/73 [orc warrior/glaive (11)]
  6853 | D:6      | Noticed Grinder
  6864 | D:6      | Reached skill level 1 in Stealth
  6879 | D:6      | Paralysed by Grinder for 6 turns
  6895 | D:6      | Bought a wand of paralysis (10) for 132 gold pieces
  6901 | D:6      | Killed Grinder
  7633 | D:7      | Gained mutation: You are resistant to electric shocks. (rElec) [potion of mutation]
  7633 | D:7      | Gained mutation: Your tail ends in a poisonous barb. [potion of mutation]
  7775 | D:7      | Reached skill level 5 in Armour
  7867 | D:7      | Noticed Pikel
  7881 | D:7      | Killed Pikel
  7881 | D:7      | Reached skill level 10 in Long Blades
  7881 | D:7      | Reached skill level 5 in Stealth
  7896 | D:7      | Reached XP level 10. HP: 19/80 MP: 10/10
  8104 | D:7      | Found a staircase to the Ecumenical Temple.
  8124 | Temple   | Entered the Ecumenical Temple
  8246 | Temple   | Became a worshipper of Gozag Ym Sagoz the Greedy
  8934 | D:7      | Found a runed door.
  8938 | D:7      | Noticed Crazy Yiuf
  8947 | D:7      | Killed Crazy Yiuf
  9008 | D:8      | Noticed Maurice
  9139 | D:8      | Reached skill level 1 in Evocations
  9286 | D:8      | Killed Maurice
  9458 | D:8      | Found a deep blue altar of Sif Muna.
  9823 | D:8      | Noticed Gastronok
  9858 | D:8      | Killed Gastronok
 10314 | D:9      | Noticed an elephant
 10339 | D:9      | Noticed Gorice's ghost (novice DsWn)
 10549 | D:9      | Reached XP level 11. HP: 86/86 MP: 13/13
 10921 | D:9      | Found a staircase to the Lair.
 11859 | D:9      | Killed Gorice's ghost
 11859 | D:9      | Reached skill level 10 in Stealth
 12042 | D:6      | Bought a lamp of fire for 440 gold pieces
 12042 | D:6      | Bought a wand of paralysis (12) for 154 gold pieces
 12504 | D:9      | Found a sparkling altar of Nemelex Xobeh.
 12676 | D:10     | Entered Level 10 of the Dungeon
 12740 | D:10     | Noticed a two-headed ogre
 12755 | D:10     | Killed a two-headed ogre
 12755 | D:10     | Reached skill level 5 in Evocations
 12775 | D:10     | Noticed Nergalle
 12797 | D:10     | Noticed a two-headed ogre
 12805 | D:10     | Noticed a cyclops
 13231 | D:10     | Killed a cyclops
 13920 | D:10     | Killed a two-headed ogre
 14006 | D:10     | Got a transparent leather armour
 14017 | D:10     | Identified the +1 leather armour "Tuboim" {rPois rF+ Regen+ Int+2} (You found it on level 10 of the Dungeon)
 14029 | D:10     | Killed Nergalle
 14029 | D:10     | Reached skill level 1 in Shields
 14401 | D:10     | Reached XP level 12. HP: 53/96 MP: 16/16
 14493 | D:10     | Noticed a six-headed hydra
 14591 | D:10     | Killed a seven-headed hydra
 14790 | D:10     | Noticed a two-headed ogre
 14801 | D:10     | Killed a two-headed ogre
 15127 | D:11     | Noticed Urug
 15181 | D:11     | Killed Urug
 15525 | D:11     | HP: 2/99 [yak (12)]
 15526 | D:11     | Mangled by a yak

Vault maps used:
D:1:      sevenhm_arrival_forest_fort_small_6
D:2:      uniq_terence
D:4:      first_ration
D:5:      nicolae_ossuary_entry_false_entrances
D:6:      serial_shops, shop, uniq_edmund, uniq_grinder
D:7:      minmay_temple_entry_butterflies, grunt_ogre_cave, uniq_pikel,
          uniq_crazy_yiuf_cottage
D:8:      tgw_sif, uniq_gastronok, uniq_maurice
D:9:      david_lair_generic, basic_altar, lemuel_flamethrower_2
D:10:     uniq_nergalle
D:11:     uniq_urug
Temple:   kilobyte_greek_temple
Ossuary:  ossuary_tomb_3

Skill      XL: |  1  2  3  4  5  6  7  8  9 10 11 12 |
---------------+-------------------------------------+-----
Throwing       | 2 |  2.1
Long Blades    | 4 5 6 8 10 11 12 | 12.3
Armour         | 1 2 3 4 5 6 7 |  7.9
Dodging        | 3 4 5 |  5.3
Stealth        | 5 9 11 12 | 12.3
Evocations     | 3 5 |  5.5
Shields        | 1 2 |  2.5
Fighting       | 4 |  4.3

Action                   |  1- 3 |  4- 6 |  7- 9 | 10-12 || total
-------------------------+-------+-------+-------+-------++-------
Melee: Long sword        |    96 |   212 |   613 |   719 ||  1640
       Tailslap          |       |       |    16 |   139 ||   155
Throw: Throwing net      |       |       |     2 |     1 ||     3
 Abil: Spit Poison       |     1 |    12 |     8 |    18 ||    39
Evoke: Wand              |       |       |     2 |    16 ||    18
  Use: Scroll            |       |     9 |     4 |    12 ||    25
       Potion            |       |       |     5 |     9 ||    14
 Stab: Paralysed         |       |       |    11 |    20 ||    31
       Invisible         |       |       |       |     6 ||     6
       Sleeping          |       |       |       |     7 ||     7
       Held in net/web   |       |       |       |     3 ||     3
       Distracted        |       |       |       |     3 ||     3
  Eat: Chunk             |       |     8 |     5 |     2 ||    15
       Ration            |       |       |     2 |     6 ||     8
Armor: Leather armour    |    11 |       |       |    95 ||   106
       Ring mail         |    39 |     1 |       |       ||    40
       Scale mail        |       |   174 |   367 |   264 ||   805
Dodge: Dodged            |    67 |   158 |   357 |   423 ||  1005
Block: Other             |       |       |       |    53 ||    53
       Reflection        |       |       |       |     3 ||     3
       Rpst.: Long sword |    23 |    54 |   106 |   133 ||   316

Table legend:
 A = Spawn XP
 B = Non-spawn XP
 C = Spawn XP percentage of total XP
 D = Spawn monster count
 E = Non-spawn monster count
 F = Spawn count percentage of total count
 G = Total turns spent on level
                    A         B        C        D         E        F      G
               +---------+---------+-------+---------+---------+-------+---------
         Total |       0 |   23479 |   0.0 |       0 |     312 |   0.0 | 15526
               +---------+---------+-------+---------+---------+-------+---------
           D:1 |       0 |      50 |   0.0 |       0 |      27 |   0.0 |   777
           D:2 |       0 |      78 |   0.0 |       0 |      13 |   0.0 |   981
           D:3 |       0 |     389 |   0.0 |       0 |      37 |   0.0 |  2279
           D:4 |       0 |     420 |   0.0 |       0 |      22 |   0.0 |   531
           D:5 |       0 |     693 |   0.0 |       0 |      30 |   0.0 |  1037
           D:6 |       0 |    1478 |   0.0 |       0 |      33 |   0.0 |  1508
           D:7 |       0 |    1985 |   0.0 |       0 |      25 |   0.0 |  1313
           D:8 |       0 |    3898 |   0.0 |       0 |      21 |   0.0 |  1647
           D:9 |       0 |    3280 |   0.0 |       0 |      28 |   0.0 |  2012
          D:10 |       0 |    7928 |   0.0 |       0 |      35 |   0.0 |  2298
          D:11 |       0 |    3124 |   0.0 |       0 |      25 |   0.0 |   552
       Ossuary |       0 |     156 |   0.0 |       0 |      16 |   0.0 |   428
               +---------+---------+-------+---------+---------+-------+---------
